 Dungeon Crawl Stone Soup version 0.21.1-1-g345015f (webtiles) character file.

566 tidbits the Firebug (level 7, -2/51 HPs)
             Began as a Gnoll Fire Elementalist on Feb 10, 2018.
             Slain by a shadow imp (5 damage)
             ... on level 6 of the Dungeon.
             The game lasted 00:11:16 (1189 turns).

tidbits the Firebug (Gnoll Fire Elementalist)       Turns: 1189, Time: 00:11:17

Health: -2/51      AC:  2    Str:  9 (10) XL:     7   Next: 32%
Magic:  11/24      EV: 15    Int: 20 (21) God:
Gold:   102        SH:  0    Dex: 15 (16) Spells: 10/17 levels left

rFire    . . .     SeeInvis .   a - +0 scimitar
rCold    . . .     Gourm    .   (no shield)
rNeg     . . .     Faith    .   k - +0 robe
rPois    .         Spirit   .   (no helmet)
rElec    .         Reflect  .   (no cloak)
rCorr    .         Harm     .   (no gloves)
MR       .....                  (no boots)
Stlth    +++.......             (no amulet)
HPRegen  0.17/turn              l - +2 ring of intelligence
MPRegen  0.19/turn              i - ring of magical power

@: no status effects
A: distributed training, fangs 1, strong nose
a: no special abilities


You were on level 6 of the Dungeon.
You were not hungry.

You visited 1 branch of the dungeon, and saw 6 of its levels.

You collected 102 gold pieces.

Inventory:

Hand Weapons
 a - a +0 scimitar (weapon)
 b - a +0 dagger
 e - a +3 shortbow
 n - a +0 rapier
 o - a +0 hunting sling
 p - a cursed +0 falchion
Missiles
 h - 65 arrows
 j - 15 tomahawks (quivered)
 m - 29 stones
Armour
 k - a +0 robe (worn)
Jewellery
 i - a ring of magical power (right hand)
   (You found it on level 2 of the Dungeon)
 l - a +2 ring of intelligence (left hand)
   (You found it on level 3 of the Dungeon)
 H - an uncursed ring of protection from magic
   (You found it on level 1 of the Dungeon)
 I - an uncursed ring of see invisible
   (You found it on level 6 of the Dungeon)
Scrolls
 f - a scroll of enchant weapon
 g - a scroll of teleportation
 r - 4 scrolls of remove curse
 s - 2 scrolls of magic mapping {unknown}
Books
 d - a book of Flames

   Spells                             Type                      Level
   a - Flame Tongue                   Conjuration/Fire             1
   b - Throw Flame                    Conjuration/Fire             2
   c - Conjure Flame                  Conjuration/Fire             3
   d - Inner Flame                    Hexes/Fire                   3
   e - Sticky Flame                   Conjuration/Fire             4
   f - Fireball                       Conjuration/Fire             5
Comestibles
 c - 5 rations


   Skills:
 + Level 2.3 Fighting
 + Level 2.3 Short Blades
 + Level 2.3 Long Blades
 + Level 2.3 Axes
 + Level 2.3 Maces & Flails
 + Level 2.3 Polearms
 + Level 2.3 Staves
 + Level 2.3 Slings
 + Level 2.3 Bows
 + Level 2.3 Crossbows
 + Level 2.3 Throwing
 + Level 2.3 Armour
 + Level 5.2 Dodging
 + Level 4.8 Stealth
 + Level 2.3 Shields
 + Level 2.3 Unarmed Combat
 + Level 5.5 Spellcasting
 + Level 2.9 Conjurations
 + Level 1.9 Hexes
 + Level 1.9 Charms
 + Level 1.9 Summonings
 + Level 1.9 Necromancy
 + Level 1.9 Translocations
 + Level 1.9 Transmutations
 + Level 5.8 Fire Magic
 + Level 1.9 Ice Magic
 + Level 1.9 Air Magic
 + Level 1.9 Earth Magic
 + Level 1.9 Poison Magic
 + Level 2.6 Invocations
 + Level 2.3 Evocations


You had 10 spell levels left.
You knew the following spells:

 Your Spells              Type           Power        Failure   Level  Hunger
a - Flame Tongue          Conj/Fire      ###..        1%          1    None
j - Throw Flame           Conj/Fire      ###...       2%          2    None
t - Sticky Flame          Conj/Fire      ###.....     19%         4    ####...


Dungeon Overview and Level Annotations

Branches:
Dungeon (6/15)
 Temple: D:4-7

Altars:
Gozag
Okawaru
Sif Muna
Wu Jian
Xom
Zin


Innate Abilities, Weirdness & Mutations

Your experience applies equally to all skills.
You have very sharp teeth.
Your uncanny sense of smell can sniff out nearby items.


Message History

The centaur is covered in liquid flames!
The centaur burns!
The centaur hits you but does no damage.
The centaur hits you.
* * * LOW HITPOINT WARNING * * *
The centaur misses you.
It was a potion of cancellation.
You feel magically purged.
The centaur burns!
The centaur closely misses you.
You riposte.
You hit the centaur.
The centaur is severely wounded.
The centaur misses you. The centaur hits you.
* * * LOW HITPOINT WARNING * * *
Casting: Sticky Flame
Confirm with . or Enter, or press ? or * to list all spells.
Aiming: Sticky Flame
Press: ? - help, Shift-Dir - straight line, f/p - centaur
Aim: a centaur (severely wounded, covered in liquid flames)
Okay, then.
Casting: Sticky Flame
Confirm with . or Enter, or press ? or * to list all spells.
Aiming: Flame Tongue
Press: ? - help, Shift-Dir - straight line, f - centaur, p - centaur
Aim: a centaur (severely wounded)
The flame tongue hits the centaur.
You kill the centaur!
You have reached level 7!
The centaur burns!
The centaur hits you.
* * * LOW HITPOINT WARNING * * *
The centaur barely misses you.
Casting: Flame Tongue
Confirm with . or Enter, or press ? or * to list all spells.
Okay, then.
It was a potion of degeneration.
There was something very wrong with that liquid.
You feel weakened.
You feel dopey.
You feel clumsy.
The centaur burns!
You kill the centaur!
The worker ant completely misses you.
Casting: Flame Tongue
Confirm with . or Enter, or press ? or * to list all spells.
Aiming: Sticky Flame
Press: ? - help, Shift-Dir - straight line, f - worker ant
Aim: a worker ant The sticky flame hits the worker ant.
The worker ant is lightly wounded.
The worker ant is covered in liquid flames!
The worker ant burns!
The worker ant bites you.
* * * LOW HITPOINT WARNING * * *
Casting: Sticky Flame
Confirm with . or Enter, or press ? or * to list all spells.
Aiming: Flame Tongue
Press: ? - help, Shift-Dir - straight line, f/p - worker ant
Aim: a worker ant (moderately wounded, covered in liquid flames)
The flame tongue hits the worker ant.
You kill the worker ant!
You see here an arrow.
Things that are here:
an uncursed shortbow; 19 arrows
Things that are here:
a shortbow; 22 arrows; a centaur corpse
h - 65 arrows (gained 22)
You see here a hunting sling.
o - a hunting sling A shadow imp comes into view.
The shadow imp shouts!
Found a scale mail.
Casting: Flame Tongue
Confirm with . or Enter, or press ? or * to list all spells.
Aiming: Flame Tongue
Press: ? - help, Shift-Dir - straight line, f - shadow imp
Aim: a shadow imp The flame tongue hits the shadow imp.
The shadow imp is moderately wounded.
The shadow imp disappears for a moment.
The shadow imp gestures at you. Pain shoots through your body!
* * * LOW HITPOINT WARNING * * *
Casting: Flame Tongue
Confirm with . or Enter, or press ? or * to list all spells.
Aiming: Flame Tongue
Press: ? - help, Shift-Dir - straight line, f/p - shadow imp
Aim: a shadow imp (moderately wounded)
The flame tongue hits the shadow imp.
The shadow imp is moderately wounded.
Casting: Flame Tongue
Confirm with . or Enter, or press ? or * to list all spells.
Aiming: Flame Tongue
Press: ? - help, Shift-Dir - straight line, f/p - shadow imp
Aim: a shadow imp (moderately wounded)
The flame tongue hits the shadow imp.
The shadow imp is heavily wounded.
The shadow imp closely misses you.
Casting: Flame Tongue
Confirm with . or Enter, or press ? or * to list all spells.
Aiming: Flame Tongue
Press: ? - help, Shift-Dir - straight line, f/p - shadow imp
Aim: a shadow imp (heavily wounded)
The flame tongue hits the shadow imp.
The shadow imp is severely wounded.
The shadow imp hits you.
You die...

# [. ..... .
#.###...... #.
#...#......
#.##......... .
#....#.#...##..
#............#
#..#5#......
#.@.....## ###......#
# ###...##.#
#.##.....##...
.#.............. ∆
....##.))###.#... ∆
..#.#....###.....
........(....##
######..#....#########


You could see a shadow imp.

Vanquished Creatures
  The ghost of Goblin1989 the Chopper, an amateur DsMo (D:5)
  3 centaurs
  2 bullfrog skeletons (D:5)
  A jelly (D:5)
  3 worker ants
  4 adders
  2 shadow imps
  An adder skeleton (D:5)
  A worm (D:5)
  A dart slug (D:4)
  A leopard gecko (D:5)
  2 orcs
  5 giant cockroaches
  A goblin (D:3)
  A hobgoblin (D:3)
  4 jackals (D:5)
  3 kobolds
  3 quokkas
  7 bats
  A frilled lizard (D:6)
  A quokka skeleton (D:6)
48 creatures vanquished.

Notes
Turn   | Place    | Note
-------+----------+-------------------------------------------
     0 | D:1      | tidbits the Gnoll Fire Elementalist began the quest for the Orb.
     0 | D:1      | Reached XP level 1. HP: 13/13 MP: 6/6
   131 | D:2      | Found a glowing silver altar of Zin.
   149 | D:2      | Reached skill level 2 in Conjurations
   187 | D:1      | Reached XP level 2. HP: 19/19 MP: 3/7
   193 | D:1      | Learned a level 2 spell: Throw Flame
   303 | D:5      | Entered Level 5 of the Dungeon
   317 | D:6      | Noticed a crimson imp
   380 | D:5      | Noticed Goblin1989's ghost (amateur DsMo)
   394 | D:5      | Killed Goblin1989's ghost
   394 | D:5      | Reached skill level 1 in Fighting
   394 | D:5      | Reached skill level 1 in Short Blades
   394 | D:5      | Reached skill level 1 in Long Blades
   394 | D:5      | Reached skill level 1 in Axes
   394 | D:5      | Reached skill level 1 in Maces & Flails
   394 | D:5      | Reached skill level 1 in Polearms
   394 | D:5      | Reached skill level 1 in Staves
   394 | D:5      | Reached skill level 1 in Slings
   394 | D:5      | Reached skill level 1 in Bows
   394 | D:5      | Reached skill level 1 in Crossbows
   394 | D:5      | Reached skill level 1 in Throwing
   394 | D:5      | Reached skill level 1 in Armour
   394 | D:5      | Reached skill level 1 in Shields
   394 | D:5      | Reached skill level 1 in Unarmed Combat
   394 | D:5      | Reached skill level 5 in Spellcasting
   394 | D:5      | Reached skill level 1 in Hexes
   394 | D:5      | Reached skill level 1 in Charms
   394 | D:5      | Reached skill level 1 in Summonings
   394 | D:5      | Reached skill level 1 in Necromancy
   394 | D:5      | Reached skill level 1 in Translocations
   394 | D:5      | Reached skill level 1 in Transmutations
   394 | D:5      | Reached skill level 1 in Ice Magic
   394 | D:5      | Reached skill level 1 in Air Magic
   394 | D:5      | Reached skill level 1 in Earth Magic
   394 | D:5      | Reached skill level 1 in Poison Magic
   394 | D:5      | Reached skill level 1 in Invocations
   394 | D:5      | Reached skill level 1 in Evocations
   394 | D:5      | Reached XP level 3. HP: 26/26 MP: 5/9
   394 | D:5      | Reached XP level 4. HP: 32/32 MP: 5/11
   437 | D:5      | Noticed a centaur
   443 | D:5      | Killed a centaur
   443 | D:5      | Reached XP level 5. HP: 9/37 MP: 6/12
   497 | D:5      | Reached XP level 6. HP: 20/44 MP: 0/13
   509 | D:5      | Learned a level 4 spell: Sticky Flame
   558 | D:5      | Reached skill level 2 in Invocations
   643 | D:4      | Found an opulent altar of Gozag.
   671 | D:4      | Found an iron altar of Okawaru.
   738 | D:4      | Found an ornate altar of the Wu Jian Council.
   810 | D:5      | Reached skill level 5 in Dodging
   818 | D:5      | Reached skill level 2 in Fighting
   818 | D:5      | Reached skill level 2 in Short Blades
   818 | D:5      | Reached skill level 2 in Long Blades
   818 | D:5      | Reached skill level 2 in Axes
   818 | D:5      | Reached skill level 2 in Maces & Flails
   818 | D:5      | Reached skill level 2 in Polearms
   818 | D:5      | Reached skill level 2 in Staves
   818 | D:5      | Reached skill level 2 in Slings
   818 | D:5      | Reached skill level 2 in Bows
   818 | D:5      | Reached skill level 2 in Crossbows
   818 | D:5      | Reached skill level 2 in Throwing
   818 | D:5      | Reached skill level 2 in Armour
   818 | D:5      | Reached skill level 2 in Shields
   818 | D:5      | Reached skill level 2 in Unarmed Combat
   818 | D:5      | Reached skill level 2 in Evocations
   978 | D:3      | Found a shimmering altar of Xom.
  1094 | D:6      | Found a deep blue altar of Sif Muna.
  1170 | D:6      | Reached XP level 7. HP: 7/50 MP: 15/15
  1170 | D:6      | HP: 1/50 [centaur (6)]
  1185 | D:6      | HP: 2/51 [shadow imp/nerve-wracking pain (1)]
  1189 | D:6      | Slain by a shadow imp

Skill      XL: |  1  2  3  4  5  6 |
---------------+-------------------+-----
Conjurations   | 2 |  2.9
Fighting       | 1 2 |  2.3
Short Blades   | 1 2 |  2.3
Long Blades    | 1 2 |  2.3
Axes           | 1 2 |  2.3
Maces & Flails | 1 2 |  2.3
Polearms       | 1 2 |  2.3
Staves         | 1 2 |  2.3
Slings         | 1 2 |  2.3
Bows           | 1 2 |  2.3
Crossbows      | 1 2 |  2.3
Throwing       | 1 2 |  2.3
Armour         | 1 2 |  2.3
Shields        | 1 2 |  2.3
Unarmed Combat | 1 2 |  2.3
Spellcasting   | 5 |  5.5
Hexes          | 1 |  1.9
Charms         | 1 |  1.9
Summonings     | 1 |  1.9
Necromancy     | 1 |  1.9
Translocations | 1 |  1.9
Transmutations | 1 |  1.9
Ice Magic      | 1 |  1.9
Air Magic      | 1 |  1.9
Earth Magic    | 1 |  1.9
Poison Magic   | 1 |  1.9
Invocations    | 1 2 |  2.6
Evocations     | 1 2 |  2.3
Dodging        | 5 |  5.2
Stealth        | |  4.8
Fire Magic     | |  5.8

Action                   |  1- 3 |  4- 6 |  7- 9 || total
-------------------------+-------+-------+-------++-------
Melee: Dagger            |     1 |       |       ||     1
       Rapier            |     1 |     2 |       ||     3
       Bite              |       |     4 |       ||     4
       Scimitar          |       |    44 |       ||    44
 Cast: Flame Tongue      |    28 |    59 |     6 ||    93
       Throw Flame       |     1 |       |       ||     1
       Sticky Flame      |       |     6 |     1 ||     7
  Use: Scroll            |     4 |     2 |       ||     6
       Potion            |     1 |     3 |     1 ||     5
 Stab: Sleeping          |     1 |     1 |       ||     2
  Eat: Ration            |     1 |       |       ||     1
Armor: Robe              |     2 |    15 |       ||    17
       Skin              |     8 |       |       ||     8
Dodge: Dodged            |     8 |    99 |     3 ||   110
       Rpst.: Scimitar   |       |    20 |       ||    20

Table legend:
 A = Turns spent in this place as a percentage of turns spent in the entire game.
 B = Non-inter-level travel turns spent in this place as a percentage of non-inter-level travel turns spent in the entire game.
 C = Inter-level travel turns spent in this place as a percentage of turns spent in this place.
 D = Turns resting spent in this place as a percentage of non-inter-level travel turns spent in this place.
 E = Turns spent auto-exploring this place as a percentage of non-inter-level travel turns spent in this place.
 F = Non-inter-level travel turns spent in this place divided by the number of levels of this place that you've seen.
                   A       B       C       D       E      F
               +-------+-------+-------+-------+-------+----------------------
         Total | 100.0 | 100.0 |   2.4 |   0.0 |   0.0 | 193.5
       Dungeon | 100.0 | 100.0 |   2.4 |   0.0 |   0.0 | 193.5
               +-------+-------+-------+-------+-------+----------------------

Table legend:
 A = Kills in this place as a percentage of kills in entire the game.
 B = Kills by you in this place as a percentage of kills by you in the entire game.
 C = Kills by friends in this place as a percentage of kills by friends in the entire game.
 D = Other kills in this place as a percentage of other kills in the entire game.
 E = Experience gained in this place as a percentage of experience gained in the entire game.
 F = Experience gained in this place divided by the number of levels of this place that you have seen.
                   A       B       C       D       E      F
               +-------+-------+-------+-------+-------+----------------------
         Total | 100.0 | 100.0 |   N/A |   N/A | 100.0 | 134.8
       Dungeon | 100.0 | 100.0 |   N/A |   N/A | 100.0 | 134.8
               +-------+-------+-------+-------+-------+----------------------

Vault maps used:
D:1:      sevenhm_arrival_forest_fort_small_5, serial_curves, eino_curves_03,
          eino_curves_03, eino_curves_03, eino_curves_04, minmay_misc_feat_room
D:2:      lemuel_doored_altar, nemelex_dance_club_becter
D:3:      grunt_temple_overflow_cloverleaf, led_xom_imps, uniq_natasha,
          uniq_sigmund
D:4:      lemuel_crystal_altar, overflow_temple_1_default, old_standard_altar,
          nemelex_diamond_rough_becter
D:5:      first_ration
D:6:      lemuel_blue_sif_altar, minitemple, minmay_temple_entry_from_below_a,
          serial_glass, glass_columns_a, glass_columns_a, glass_columns_a,
          glass_columns_a, glass_columns_a, glass_columns_a
